 Dungeon Crawl Stone Soup version 0.21-a0-380-gd65dc97 (webtiles) character file.

221 Monsterracer the Chopper (level 5, 0/49 HPs)
             Began as a Deep Dwarf Fighter on Oct 17, 2017.
             Killed by divine providence
             ... invoked by an orc priest
              (11 damage)
             ... on level 4 of the Dungeon.
             The game lasted 00:01:07 (357 turns).

Monsterracer the Chopper (Deep Dwarf Fighter)        Turns: 357, Time: 00:01:08

Health: 0/49       AC:  8    Str: 20    XL:     5   Next: 65%
Magic:  5/5        EV:  7    Int:  9    God:
Gold:   37         SH:  9    Dex: 12    Spells: 4/4 levels left

rFire    . . .     SeeInvis .   a - +0 war axe
rCold    . . .     Gourm    .   c - +0 shield
rNeg     . . .     Faith    .   b - +1 scale mail
rPois    .         Spirit   .   (no helmet)
rElec    .         Reflect  .   (no cloak)
rCorr    .         Harm     .   (no gloves)
MR       .....                  (no boots)
Stlth    ..........             (no amulet)
HPRegen  0.00/turn              (no ring)
MPRegen  0.09/turn              (no ring)

@: lethally poisoned (0 -> 0), non-regenerating
A: damage resistance, heal wounds, sense surroundings 1, no regeneration
a: Heal Wounds


You were on level 4 of the Dungeon.
You were not hungry.

You visited 1 branch of the dungeon, and saw 4 of its levels.

You collected 37 gold pieces.

Inventory:

Hand Weapons
 a - a +0 war axe (weapon)
Armour
 b - a +1 scale mail (worn)
 c - a +0 shield (worn)
Scrolls
 e - a scroll of enchant armour
Potions
 d - a potion of might
Comestibles
 f - a bread ration


   Skills:
 + Level 3.5 Fighting
 * Level 4.4 Axes
 + Level 4.3 Armour
 + Level 4.3 Shields


You had 4 spell levels left.
You didn't know any spells.

Dungeon Overview and Level Annotations

Branches:
Dungeon (4/15)
 Temple: D:4-7

Altars:


Innate Abilities, Weirdness & Mutations

You are resistant to damage.
You can heal yourself by infusing magical energy.
You passively map a small area around you.
You do not regenerate.


Message History

You are more poisoned.
The scorpion poisons you!
You barely miss the scorpion.
The scorpion is almost dead.
The scorpion barely misses you.
You barely miss the scorpion.
The scorpion is almost dead.
The scorpion stings you but does no damage.
You slash the scorpion!
You kill the scorpion!
You slash the orc priest!
The orc priest is severely wounded.
The orc priest barely misses you. You block the orc priest's attack.
You hit the orc priest but do no damage.
The orc priest is severely wounded.
The orc priest calls down the wrath of Beogh upon you.
Beogh smites you!
* * * LOW HITPOINT WARNING * * *
The orc priest invokes the aid of Beogh against you.
Beogh smites you!
* * * LOW HITPOINT WARNING * * *
Huge Dmg: -44%(-22hp) hp: 3%(1hp) Unknown command.
You feel much better.
The orc priest calls down the wrath of Beogh upon you.
Beogh smites you!
* * * LOW HITPOINT WARNING * * *
The orc priest mumbles some strange prayers to Beogh against you.
Beogh smites you!
You die...

# .. , , ###.#* ... *
....# #.#, ...# ,, #.# *
...## #.#*,, ,, , ....##
#.# , .....#### #.#
<.......######.####.#<##
*
................@oo.>...
....###.##########....##
, ##### #.# * .### # #.#
,# * ,, # #####.##### *
# #.........# #
#.###.###.# , * * # #.#
#)#...## ,* # #.#
#.)....### *


You could see 2 orc priests.

Vanquished Creatures
  An ogre (D:4)
  A scorpion (D:4)
  2 worker ants (D:4)
  A dart slug (D:3)
  A leopard gecko (D:3)
  2 orcs (D:4)
  3 bats
  A giant cockroach (D:3)
  4 goblins
  3 hobgoblins (D:1)
  6 jackals (D:1)
  A quokka (D:4)
  5 frilled lizards
31 creatures vanquished.

Notes
Turn   | Place    | Note
-------+----------+-------------------------------------------
     0 | D:1      | Monsterracer the Deep Dwarf Fighter began the quest for the Orb.
     0 | D:1      | Reached XP level 1. HP: 20/20 MP: 1/1
    62 | D:1      | Reached XP level 2. HP: 27/27 MP: 2/2
   183 | D:3      | Reached XP level 3. HP: 29/33 MP: 3/3
   303 | D:4      | Reached XP level 4. HP: 27/42 MP: 4/4
   306 | D:4      | Noticed an ogre
   315 | D:4      | Killed an ogre
   315 | D:4      | Reached XP level 5. HP: 17/49 MP: 5/5
   356 | D:4      | HP: 1/49 [orc priest/divine providence (9)]
   357 | D:4      | Killed from afar by an orc priest

Vault maps used:
D:1:      shiori_angband_town
D:2:      uniq_crazy_yiuf_cottage, uniq_robin
D:3:      chequers_temple_overflow_minitemple, kennysheep_ying_yang
D:4:      nrook_loot_triangle

Skill      XL: |  1  2  3  4 |
---------------+-------------+-----
Axes           | 3 4 |  4.4
Fighting       | 3 |  3.5
Armour         | 4 |  4.3
Shields        | 4 |  4.3

Action                   |  1- 3 |  4- 6 || total
-------------------------+-------+-------++-------
Melee: War axe           |    80 |    28 ||   108
 Abil: Heal Wounds       |       |     3 ||     3
  Use: Scroll            |     2 |       ||     2
Armor: Scale mail        |    53 |     5 ||    58
Dodge: Dodged            |    25 |    14 ||    39
Block: Shield            |    51 |    11 ||    62

Table legend:
 A = Spawn XP
 B = Non-spawn XP
 C = Spawn XP percentage of total XP
 D = Spawn monster count
 E = Non-spawn monster count
 F = Spawn count percentage of total count
 G = Total turns spent on level
                    A         B        C        D         E        F      G
               +---------+---------+-------+---------+---------+-------+---------
         Total |       0 |     317 |   0.0 |       0 |      31 |   0.0 |   357
               +---------+---------+-------+---------+---------+-------+---------
           D:1 |       0 |      26 |   0.0 |       0 |      14 |   0.0 |    98
           D:2 |       0 |       4 |   0.0 |       0 |       3 |   0.0 |    69
           D:3 |       0 |      13 |   0.0 |       0 |       7 |   0.0 |    38
           D:4 |       0 |     274 |   0.0 |       0 |       7 |   0.0 |   152
               +---------+---------+-------+---------+---------+-------+---------

Vault maps used:
D:1:      shiori_angband_town
D:2:      uniq_crazy_yiuf_cottage, uniq_robin
D:3:      chequers_temple_overflow_minitemple, kennysheep_ying_yang
D:4:      nrook_loot_triangle
